 Dungeon Crawl Stone Soup version 0.18-a0-1267-gff090c1 (webtiles) character file.

4937 kae the Carver (level 10, -2/77 HPs)
             Began as a Minotaur Fighter on Feb 6, 2016.
             Was a Priest of Qazlal.
             Slain by a two-headed ogre
             ... wielding a +0 giant club
              (27 damage)
             ... on level 1 of the Orcish Mines.
             The game lasted 00:14:38 (7537 turns).

kae the Carver (Minotaur Fighter)                   Turns: 7537, Time: 00:14:39

Health: -2/77      AC:  7    Str: 25    XL:     10   Next: 28%
Magic:  15/15      EV:  8    Int:  5    God:    Qazlal [***...]
Gold:   336        SH: 14    Dex: 13    Spells: 0 memorised, 9 levels left

rFire  . . .     SeeInvis .     F - -1 falchion (curse)
rCold  . . .     Gourm    .     l - +1 ring mail "Lioneax" {*Confuse Regen+ Str+3 Dex+3} (curse)
rNeg   . . .     Faith    +     c - +0 shield
rPois  +         Spirit   .     (helmet restricted)
rElec  .         Dismiss  .     (no cloak)
rCorr  .         Reflect  .     h - +0 pair of gloves
SustAt .         Harm     .     (no boots)
MR     .....                    K - amulet of faith
Stlth  +.........               E - -2 ring of intelligence (curse)
                                v - ring of poison resistance

@: about to teleport, not resistant to hostile enchantments, very unstealthy
A: retaliatory headbutt, horns 2
a: Upheaval, Elemental Force, Renounce Religion


You were on level 1 of the Orcish Mines.
You worshipped Qazlal.
Qazlal was most pleased with you.
You were not hungry.

You visited 3 branches of the dungeon, and saw 12 of its levels.
You also visited: Sewer.

You collected 416 gold pieces.
You spent 80 gold pieces at shops.

Inventory:

Hand Weapons
 a - a +0 long sword
 F - a cursed -1 falchion (weapon)
 J - a +0 falchion of slicing
Armour
 b - a +1 scale mail
 c - a +0 shield (worn)
 h - a +0 pair of gloves (worn)
 l - the cursed +1 ring mail "Lioneax" (worn) {*Confuse Regen+ Str+3 Dex+3}
   (You found it on level 5 of the Dungeon)

   It affects your strength (+3).
   It affects your dexterity (+3).
   It increases your rate of regeneration.
   It may confuse you when you take damage.
   It has a curse placed upon it.
 I - the cursed +0 scale mail of Tosmi {rF++ rCorr Int-2 SInv, unknown}
   (You found it on level 8 of the Dungeon)

   It affects your intelligence (-2).
   It greatly protects you from fire.
   It lets you see invisible.
   It protects you from acid and corrosion.
   It has a curse placed upon it.
Jewellery
 j - an uncursed amulet of harm
 m - an uncursed amulet of dismissal
 v - a ring of poison resistance (left hand)
 E - a cursed -2 ring of intelligence (right hand)
 K - an amulet of faith (around neck)
Wands
 p - a wand of enslavement (10/24)
 w - a wand of flame (10/48)
 H - a wand of heal wounds (4/9)
 L - a wand of polymorph (8/24)
 M - a wand of random effects (23/48)
Scrolls
 g - 3 scrolls of enchant armour
 u - 6 scrolls of teleportation
 y - a scroll of fog
 O - a scroll of amnesia
Potions
 d - 2 potions of might
 e - 2 potions of agility
 i - 2 potions of magic
 k - a potion of berserk rage {unknown}
 n - 4 potions of haste
 r - 2 potions of ambrosia
 s - a potion of resistance {unknown}
 t - 5 potions of curing
 x - 2 potions of heal wounds
 z - 2 potions of degeneration
 A - 2 potions of lignification {unknown}
 B - 2 potions of brilliance {unknown}
 C - a potion of cancellation {unknown}
Comestibles
 f - 8 bread rations
 o - 4 beef jerkies
 q - a meat ration
 D - 4 fruits
 G - 7 slices of pizza
 N - 3 chunks of flesh


   Skills:
 - Level 3.6 Fighting
 - Level 14.0 Long Blades
 - Level 3.6 Armour
 - Level 3.6 Shields
 + Level 9.1 Invocations


You had 9 spell levels left.
You didn't know any spells.

Dungeon Overview and Level Annotations

Branches:
Dungeon (9/15)             Temple (1/1) D:4            Lair (0/8) D:9
    Orc (2/2) D:9
    Elf: Orc:2

Altars:
Ashenzari
Dithmenos
Elyvilon
Fedhas
Gozag
Kikubaaqudgha
Makhleb
Nemelex Xobeh
Okawaru
Pakellas
Qazlal
Ru
Sif Muna
Trog
Xom
Yredelemnul
Zin

Shops:
D:6 =   D:8 (   Orc:1 *


Innate Abilities, Weirdness & Mutations

You reflexively headbutt those who attack you in melee.
You have a pair of horns on your head.


Message History

You hit the orc.
The orc is heavily wounded.
The orc warrior hits you with a halberd!
The orc hits you but does no damage. You block the orc's attack.
Unknown command.
Your shield and ring mail "Lioneax" prevent you from hitting the orc.
The orc is heavily wounded.
The two-headed ogre hits you with a giant club!!
* * * LOW HITPOINT WARNING * * *
You block the two-headed ogre's attack. You block the orc warrior's attack.
Unknown command.
Drink which item? (? for menu, Esc to quit)
You feel much better. The orc barely misses you. You furiously retaliate!
You headbutt the orc!
You kill the orc!
Qazlal accepts your kill.
The orc warrior hits you with a halberd!
You block the orc's attack. The orc warrior closely misses you.
The two-headed ogre hits you with a giant club!!
You die...

##.......# ##....#####
##.....<..## ##.........#
##.....#....###..........#
###.....###...#.#.....#...##
#.##...#.###.......#####...##
##....#####........# ##.....#
###...###.........###.....##
#.......#...oOo....)......##
####....#...o@o...)[.....#.#
#.......#####.......#####
##.....## ##.#.....#
##....#### #.#....##
###.....##.# ####.###
#.ยง........# #.#
####.........#### #.#
##.##.....#......# ###
#..#...#.###.....#


You could see a two-headed ogre, 2 orc warriors and 2 orcs.

Vanquished Creatures
  An elephant (D:9)
  A troll (D:9)
  Sigmund (D:6)
  A human (D:7)
  2 yaks
  A hippogriff (D:8)
  Menkaure (D:5)
  2 orc warriors
  5 ice beasts
  2 sky beasts
  A black bear (D:9)
  4 ogres
  A necrophage (D:6)
  A centaur (D:7)
  A crocodile (D:8)
  4 giant frogs
  2 scorpions
  6 killer bees (D:8)
  4 crimson imps
  A giant frog zombie (D:9)
  A centaur zombie (D:9)
  A jelly (D:7)
  4 hounds
  7 orc priests
  3 centaur skeletons
  2 iguanas
  5 orc wizards
  5 worker ants
  5 sheep
  A worker ant zombie (D:6)
  17 adders
  4 river rats (Sewer)
  2 shadow imps
  3 oozes
  An adder zombie (D:6)
  3 adder skeletons
  2 worms
  6 giant geckos
  35 orcs
  5 ball pythons
  7 bats
  5 giant cockroaches
  9 goblins
  7 hobgoblins
  9 jackals
  5 quokkas
  9 giant newts
  6 kobolds
  24 rats
  A fungus (D:9)
236 creatures vanquished.

Vanquished Creatures (others)
  7 toadstools (D:1)
7 creatures vanquished.

Grand Total: 243 creatures vanquished

Notes
Turn   | Place    | Note
--------------------------------------------------------------
     0 | D:1      | kae the Minotaur Fighter began the quest for the Orb.
     0 | D:1      | Reached XP level 1. HP: 19/19 MP: 0/0
   239 | D:1      | Reached XP level 2. HP: 26/26 MP: 1/1
   562 | D:1      | Reached skill level 4 in Long Blades
   683 | D:1      | Reached XP level 3. HP: 31/31 MP: 2/2
   891 | D:2      | Reached skill level 5 in Long Blades
   971 | D:2      | Reached XP level 4. HP: 32/39 MP: 3/3
  1490 | D:2      | Reached skill level 6 in Long Blades
  1684 | D:3      | Reached XP level 5. HP: 45/45 MP: 4/4
  2103 | D:4      | Found a basalt altar of Yredelemnul.
  2103 | D:4      | Found a blossoming altar of Fedhas.
  2103 | D:4      | Found a sparkling altar of Nemelex Xobeh.
  2103 | D:4      | Found an ancient bone altar of Kikubaaqudgha.
  2103 | D:4      | Found an opulent altar of Gozag.
  2103 | D:4      | Found a glowing silver altar of Zin.
  2112 | D:4      | Reached skill level 7 in Long Blades
  2238 | D:4      | Found a sparkling altar of Nemelex Xobeh.
  2323 | D:4      | Found a glowing drain.
  2358 | Sewer    | Entered a sewer
  2425 | Sewer    | Reached XP level 6. HP: 38/51 MP: 5/5
  2900 | D:4      | Reached skill level 8 in Long Blades
  3232 | D:4      | Found a staircase to the Ecumenical Temple.
  3241 | Temple   | Entered the Ecumenical Temple
  3249 | Temple   | Became a worshipper of Qazlal Stormbringer
  3310 | D:4      | Reached skill level 9 in Long Blades
  3514 | D:5      | Entered Level 5 of the Dungeon
  3521 | D:5      | Noticed Menkaure
  3533 | D:5      | Killed Menkaure
  3533 | D:5      | Reached XP level 7. HP: 57/57 MP: 6/6
  3820 | D:5      | Got a brightly glowing ring mail
  3832 | D:5      | Reached * piety under Qazlal
  3837 | D:5      | Reached skill level 10 in Long Blades
  4055 | D:4      | Identified the cursed +1 ring mail "Lioneax" {*Confuse Regen+ Str+3 Dex+3} (You found it on level 5 of the Dungeon)
  4310 | D:5      | Found a burning altar of Makhleb.
  4407 | D:6      | Noticed Sigmund
  4420 | D:6      | Killed Sigmund
  4477 | D:6      | Reached skill level 11 in Long Blades
  4538 | D:6      | Reached XP level 8. HP: 52/64 MP: 7/7
  4716 | D:6      | Found Puinu's Jewellery Emporium.
  4967 | D:7      | Reached skill level 12 in Long Blades
  5078 | D:7      | Reached skill level 13 in Long Blades
  5236 | D:7      | Reached XP level 9. HP: 48/70 MP: 8/8
  5393 | D:7      | Reached ** piety under Qazlal
  5393 | D:7      | Reached skill level 14 in Long Blades
  5496 | D:7      | Reached skill level 1 in Invocations
  5692 | D:7      | Noticed a moth of wrath
  5704 | D:7      | Found a bloodstained altar of Trog.
  5805 | D:8      | Got an amethyst-encrusted scale mail
  5909 | D:8      | Found Bohuten's Weapon Emporium.
  5942 | D:8      | Reached skill level 5 in Invocations
  6507 | D:9      | Reached *** piety under Qazlal
  6721 | D:9      | Noticed a troll
  6724 | D:9      | Noticed an elephant
  6772 | D:9      | Killed a troll
  6772 | D:9      | Reached XP level 10. HP: 55/77 MP: 14/14
  6944 | D:9      | Killed an elephant
  7034 | D:9      | Found a staircase to the Orcish Mines.
  7110 | D:9      | Found a staircase to the Lair.
  7336 | Orc:1    | Entered Level 1 of the Orcish Mines
  7430 | Orc:1    | Found Siofoki's General Store.
  7439 | Orc:1    | Bought a potion of heal wounds for 80 gold pieces
  7515 | Orc:2    | Entered Level 2 of the Orcish Mines
  7537 | Orc:1    | Slain by a two-headed ogre

Vault maps used:
D:1:      nagdon_arrival_zigzag_paths, nrook_uturn, hex_intersection
D:3:      first_bread
D:4:      grunt_temple_overflow_open, minmay_temple_entry_glass,
          gup_sewer_entry_spiral, columned_hall_lemuel, nemelex_deck
D:5:      makhleb_blood_cavern_becter, uniq_menkaure
D:6:      serial_shops, kennysheep_little_box, uniq_sigmund
D:7:      tgw_trog, minivault_19, grunt_livestock, minmay_item_behind_shaft
D:8:      serial_shops, shop_fountains
D:9:      david_lair_generic, orc_0_dummy
Temple:   circular_temple_13
Orc:1:    serial_shops, nicolae_shop_window_shopping,
          nicolae_shop_overgrown_old_shop, shop_statue, shop_fountains
Orc:2:    pubby_orc_utopia, uniq_sonja
Sewer:    sewer_co_cracked_pipes

Action                   |  1- 3 |  4- 6 |  7- 9 | 10-12 || total
-------------------------+-------+-------+-------+-------++-------
Melee: Long sword        |    85 |   240 |   104 |       ||   429
       Falchion          |       |       |   328 |    72 ||   400
Evoke: Wand              |       |     4 |     1 |       ||     5
  Use: Scroll            |       |    11 |     4 |     2 ||    17
       Potion            |       |     2 |     1 |     1 ||     4
  Eat: Chunk             |       |     9 |    11 |     2 ||    22
